 Dungeon Crawl Stone Soup version 0.17.2-1-ge4368a0 (webtiles) character file.

93 magog001 the Digger (level 4, -1/32 HPs)
             Began as a Formicid Earth Elementalist on Sept 30, 2016.
             Slain by a sky beast (5 damage)
             ... on level 3 of the Dungeon.
             The game lasted 00:32:30 (4097 turns).

magog001 the Digger (Formicid Earth Elementalist)   Turns: 4097, Time: 00:32:30

Health: -1/32      AC:  7    Str: 13    XL:     4   Next: 91%
Magic:  6/7        EV: 11    Int: 15    God:
Gold:   146        SH:  0    Dex: 11    Spells: 3 memorised, 1 level left

rFire  . . .     SeeInvis +     h - +0 club
rCold  + . .     Clarity  .     p - +2 ring mail {rC+}
rNeg   . . .     SustAt   .     (no shield)
rPois  .         Gourm    .     (helmet unavailable)
rElec  .         Spirit   .     (no cloak)
rCorr  .         Warding  .     (no gloves)
rMut   .         Stasis   +     (no boots)
MR     .....                    (no amulet)
Stlth  +.........               (no ring)
                                (no ring)

@: not resistant to hostile enchantments, very unstealthy
A: permanent stasis, dig shafts and tunnels, four strong arms, antennae 3
a: Dig, Shaft Self


You were on level 3 of the Dungeon.
You were not hungry.

You visited 1 branch of the dungeon, and saw 3 of its levels.

You collected 146 gold pieces.

Inventory:

Hand Weapons
 d - a +0 whip
 e - a +0 dagger
 g - a +0 spear
 h - a +0 club (weapon)
 j - a +0 dagger
 o - a +0 dagger
 u - a +0 short sword
 y - a +0 hunting sling
 B - a +0 dagger
 C - a +0 spear
Missiles
 b - 73 stones (quivered)
 q - 7 tomahawks
 r - 33 bolts
 z - 23 sling bullets
Armour
 a - a +0 robe
 f - a +0 ring mail
 p - a +2 ring mail of cold resistance (worn)
 w - a +0 robe
Scrolls
 k - a scroll of identify
 l - a scroll of remove curse {unknown}
 m - a scroll of enchant weapon {unknown}
 s - a scroll of blinking {unknown}
 v - a scroll of noise {unknown}
 A - a scroll of fear {unknown}
Potions
 i - a potion of might {unknown}
 n - 2 potions of flight {unknown}
 t - a potion of poison {unknown}
Books
 c - a book of Geomancy

   Spells                             Type                      Level
   a - Sandblast                      Earth                        1
   b - Stoneskin                      Transmutation/Earth          2
   c - Passwall                       Transmutation/Earth          3
   d - Stone Arrow                    Conjuration/Earth            3
   e - Petrify                        Transmutation/Earth          4
   f - Lee's Rapid Deconstruction     Earth                        5
Comestibles
 x - 6 chunks of flesh


   Skills:
 * Level 1.4 Fighting
 + Level 0.1 Throwing
 + Level 0.7 Armour
 * Level 3.0 Dodging
 + Level 2.8 Stealth
 - Level 2.1 Spellcasting
 + Level 1.1 Transmutations
 + Level 4.5 Earth Magic


You had one spell level left.
You knew the following spells:

 Your Spells              Type           Power        Failure   Level  Hunger
a - Sandblast             Erth           ###...       10%         1    #......
b - Stoneskin             Trmt/Erth      ##......     24%         2    ###....
c - Stone Arrow           Conj/Erth      #.....       65%         3    ###....


Dungeon Overview and Level Annotations

Branches:
Dungeon (3/15)

Altars:
Trog
Yredelemnul
The Shining One


Innate Abilities, Weirdness & Mutations

You are under a permanent stasis effect.
You can dig through walls and to a lower floor.
Your four strong arms can wield two-handed weapons with a shield.
You have a pair of large antennae on your head (SInv).


Message History

Press: ? - help, Shift-Dir - straight line, f/p - sky beast
Aim: a sky beast (rain, moderately wounded)
The blast of sand hits the sky beast.
The sky beast is moderately wounded.
The sky beast closely misses you.
You closely miss the sky beast.
The sky beast is moderately wounded.
The sky beast barely misses you. The sky beast hits you.
The sky beast shocks you.
* * * LOW HITPOINT WARNING * * *
You closely miss the sky beast.
The sky beast is moderately wounded.
The sky beast closely misses you.
You miss the sky beast.
The sky beast is moderately wounded.
The sky beast hits you but does no damage.
The sky beast hits you.
* * * LOW HITPOINT WARNING * * *
The sky beast shocks you.
You die...

#.# #.# # ## ###.#####
#...
#.......##########
#.#.
##.#..............#
.._
.#.#..##.########.#
#.#.#....##.# #.#
#...#.......#
####.####
##.##...Y@..#
#.......# #.##.#..#.##
#.##.##.# #.......#.#
#.##.##.# ####.#.##.#
#....##.# #.#+##.#
#.#####.# #....#.#
#.#####.# ##......#
#.......# ##.......##
##.#######
#.........####.<.#####


You could see a sky beast.

Vanquished Creatures
  A gnoll (D:3)
  An adder (D:2)
  3 oozes (D:1)
  3 worms
  A giant gecko (D:1)
  An orc (D:3)
  6 bats
  3 giant cockroaches (D:2)
  9 hobgoblins
  7 jackals (D:1)
  3 giant newts (D:1)
  3 goblins
  5 kobolds
  6 rats
52 creatures vanquished.

Vanquished Creatures (others)
  A rat (D:2)
1 creature vanquished.

Grand Total: 53 creatures vanquished

Notes
Turn   | Place    | Note
--------------------------------------------------------------
     0 | D:1      | magog001 the Formicid Earth Elementalist began the quest for the Orb.
     0 | D:1      | Reached XP level 1. HP: 13/13 MP: 3/3
   310 | D:1      | Reached XP level 2. HP: 10/20 MP: 0/5
   329 | D:1      | HP: 1/20 [hobgoblin/club (3)]
   727 | D:1      | Reached skill level 4 in Earth Magic
   839 | D:1      | Reached skill level 1 in Fighting
   840 | D:1      | Reached XP level 3. HP: 21/26 MP: 1/6
  1134 | D:1      | Learned a level 2 spell: Stoneskin
  1295 | D:1      | Learned a level 3 spell: Stone Arrow
  1905 | D:2      | Reached XP level 4. HP: 32/32 MP: 3/7
  2625 | D:2      | Found a basalt altar of Yredelemnul.
  2683 | D:2      | Found a basalt altar of Yredelemnul.
  2685 | D:2      | Noticed a profane servitor
  2698 | D:2      | Found a glowing golden altar of the Shining One.
  2700 | D:2      | Noticed an angel
  4067 | D:3      | Found a bloodstained altar of Trog.
  4070 | D:3      | Noticed a sky beast
  4097 | D:3      | Slain by a sky beast

Action                   |  1- 3 |  4- 6 || total
-------------------------+-------+-------++-------
Melee: Spear             |    13 |       ||    13
       Club              |    26 |   138 ||   164
Throw: Stone             |     4 |     3 ||     7
 Cast: Sandblast         |    42 |    37 ||    79
       Stone Arrow       |     1 |     1 ||     2
       Stoneskin         |     1 |       ||     1
 Abil: Dig               |     3 |     2 ||     5
  Use: Scroll            |       |     1 ||     1
  Eat: Chunk             |     2 |     2 ||     4
       Bread ration      |     1 |     1 ||     2
